 Dungeon Crawl Stone Soup version 0.31-a0-473-g61b50ae490 (webtiles) character file.

Game seed: 12029287305994784032

23667 MisterAzrael the Peltast (level 13, -3/136 (138) HPs)
             Began as a Formicid Fighter on Aug 7, 2023.
             Was a Priest of Lugonu.
             Slain by an ettin skeleton (14 damage)
             ... summoned by Lugonu's corruption
             ... on level 2 of the Orcish Mines.
             The game lasted 00:35:17 (15615 turns).

MisterAzrael the Peltast (Formicid Fighter)        Turns: 15615, Time: 00:35:18

HP:   -3/136 (138)  AC: 26    Str: 26    XL:     13   Next: 37%
MP:   15/20         EV:  2    Int:  8    God:    Lugonu [***...]
Gold: 1633          SH: 33    Dex: 21    Spells: 12/12 levels left

rFire   . . .        g - +2 dire flail (heavy)
rCold   . . .        l - +12 tower shield of the Shore {Will+ Dex+2 Slay+3}
rNeg    . . .        s - melded +1 plate armour
rPois   +            (helmet unavailable)
rElec   .            (cloak currently unavailable)
rCorr   .            (gloves currently unavailable)
SInv    .            (boots currently unavailable)
Will    ++...        (no amulet)
Stlth   ++           D - +6 ring of dexterity
HPRegen 0.42/turn    (no ring)
MPRegen 0.17/turn

%: no passive effects
@: tree-form, lightly drained
A: stationary, stasis, torment immunity, boosted hp, permanent stasis, dig
shafts and tunnels, (antennae 3), four strong arms, (claws 1), (cold resistance
1), frail 1, mutation resistance 1
a: Renounce Religion, Depart the Abyss, Banish


You were on level 2 of the Orcish Mines.
You worshipped Lugonu.
Lugonu was most pleased with you.
You were a tree.
You visited 3 branches of the dungeon, and saw 14 of its levels.
You also visited: Bailey.

You collected 1633 gold pieces.

Inventory:

Hand Weapons
 a - a +1 long sword
 g - a +2 heavy dire flail (weapon)
 o - a +0 giant spiked club
 C - a +0 battleaxe
Missiles
 j - 57 poisoned darts
 E - 12 boomerangs
 F - 7 atropa-tipped darts
Armour
 b - a +0 scale mail
 c - a +0 buckler
 d - a +0 troll leather armour
 l - the +12 tower shield of the Shore (worn) {Will+ Dex+2 Slay+3}
   (You found it on level 2 of the Dungeon)

   Dex:       It affects your dexterity (+2).
   Slay:      It affects your accuracy & damage with ranged weapons and melee
   (+3).
   Will:      It increases your willpower.
 s - a +1 plate armour (melded)
Jewellery
 f - a ring of wizardry
 z - an amulet of guardian spirit
 A - a +6 ring of intelligence
 D - a +6 ring of dexterity (left branch)
Wands
 k - a wand of digging (1)
 y - a wand of flame (43)
Scrolls
 h - 2 scrolls of silence
 t - 2 scrolls of identify
 B - 3 scrolls of enchant weapon
Potions
 n - a potion of enlightenment
 q - 2 potions of magic
 r - 2 potions of brilliance
 w - a potion of resistance {unknown}
 x - a potion of cancellation {unknown}
Miscellaneous
 G - a lightning rod (4/4)


   Skills:
 + Level 10.0 Fighting
 + Level 8.7 Long Blades
 - Level 1.6 Maces & Flails
 * Level 7.8 Throwing
 + Level 9.7 Armour
 * Level 15.1 Shields
 - Level 9.4 Invocations
 + Level 2.5 Evocations


You had 12 spell levels left.
You didn't know any spells.
Your spell library contained the following spells:

 Spells                   Type           Power      Damage    Failure   Level
 Apportation              Tloc           0%         N/A       69%         1
 Magic Dart               Conj           0%         1d3       69%         1
 Lesser Beckoning         Tloc           0%         N/A       83%         2
 Momentum Strike          Conj/Tloc      0%         3d8       83%         2
 Passwall                 Tmut/Erth      0%         N/A       83%         2
 Searing Ray              Conj           0%         2d4       83%         2
 Sublimation of Blood     Necr           0%         N/A       83%         2
 Wereblood                Tmut           0%         N/A       83%         2
 Call Canine Familiar     Summ           0%         N/A       96%         3
 Frozen Ramparts          Ice            0%         1d1       96%         3
 Portal Projectile        Hex/Tloc       0%         N/A       96%         3
 Tukima's Dance           Hex            0%         N/A       96%         3
 Volatile Blastmotes      Fire/Tloc      0%         2d10      96%         3
 Animate Dead             Necr           0%         N/A       100%        4
 Dispel Undead            Necr           0%         3d6       100%        4
 Fulminant Prism          Conj/Hex       0%         3d5       100%        4
 Iskenderun's Mystic Bla  Conj/Tloc      0%         2d3       100%        4
 Leda's Liquefaction      Hex/Erth       0%         N/A       100%        4
 Passage of Golubria      Tloc           0%         N/A       100%        4
 Petrify                  Tmut/Erth      0%         N/A       100%        4
 Alistair's Intoxication  Tmut/Pois      0%         N/A       100%        5
 Arcjolt                  Conj/Air       0%         1d10      100%        5
 Metabolic Englaciation   Hex/Ice        0%         N/A       100%        5
 Silence                  Hex/Air        0%         N/A       100%        5
 Yara's Violent Unravell  Hex/Tmut       0%         3d3       100%        5
 Haunt                    Necr/Summ      0%         N/A       100%        7
 Summon Hydra             Summ           0%         N/A       100%        7
 Infestation              Necr           0%         N/A       100%        8
 Lehudib's Crystal Spear  Conj/Erth      0%         10d2      100%        8
 Maxwell's Capacitive Co  Air            0%         ∞         100%        8
 Blink                    Tloc           Unusable   N/A       N/A         2
 Vhi's Electric Charge    Tloc/Air       Unusable   N/A       N/A         3

Dungeon Overview and Level Annotations

Branches:
Dungeon (11/15)            Temple (0/1) D:7            Lair (1/5) D:9
    Orc (2/2) D:11            Elf (0/3) Orc:2        Bailey (visited)

Altars:
Cheibriados
Kikubaaqudgha
Okawaru
Lugonu

Annotations:
Orc:2 corrupted
Abyss:1 Blork the orc, Dowan, Fannar, Gastronok, Joseph, Maggie, Maurice, Menkaure, Pikel


Innate Abilities, Weirdness & Mutations

You are a tree.
Your roots penetrate the ground, keeping you stationary.
You cannot be teleported.
You are immune to unholy pain and torment.
Your maximum health is greatly increased.
Your equipment is partially melded.
You cannot be hasted, slowed, berserked, paralysed or teleported.
You can dig through walls and to a lower floor.
((You have a pair of large antennae on your head. (SInv)))
Your four strong arms can wield two-handed weapons with a shield.
((You have sharp fingernails.))
((Your flesh is cold resistant. (rC+)))
You are frail. (-10% HP)
You are somewhat resistant to further mutation.


Message History

The ynoxinul gestures.
The wight hits you with a +1 hand axe.
You feel drained.
The chaos spawn gores the orc sorcerer!
The orc sorcerer dies!
The orc wizard writhes in pain as voices assail its mind.
The tentacled starspawn barely misses the orc wizard.
The tentacled starspawn tentacle-slaps the orc wizard!!
The orc wizard dies!
The thrashing horror barely misses you.
The thrashing horror tramples you but does no damage.
The small abomination hits you!
* * * LOW HITPOINT WARNING * * *
The large abomination barely misses you.
The shadow imp hits you but does no damage.
Really quaff the potion of lignification?
You turn into a tree.
Your +1 plate armour melds into your body.
Your roots penetrate the ground.
The large abomination hits you!
* * * LOW HITPOINT WARNING * * *
The small abomination hits you.
* * * LOW HITPOINT WARNING * * *
The shadow imp hits you but does no damage.
You feel better. You block the iron imp's attack.
You block the large abomination's attack.
The shadow imp hits you.
* * * LOW HITPOINT WARNING * * *
Okay, then.
The ettin skeleton hits you but does no damage.
You block the ettin skeleton's attack. You block the iron imp's attack.
The large abomination hits you!
* * * LOW HITPOINT WARNING * * *
The shadow imp hits you but does no damage.
The iron imp hits you.
* * * LOW HITPOINT WARNING * * *
The large abomination hits you.
* * * LOW HITPOINT WARNING * * *
You block the large abomination's attack.
You block the shadow imp's attack. You block the chaos spawn's attack.
You block the ettin skeleton's attack. The ettin skeleton hits you!
You die...

##.............)...####
###.......4.##x3.#.## #.
##.......F.#4).).##.#...
#......#))Z.33X..t..#...
##........xhG.XX..5.#.##
###......#.Zx#5)X53.##
##....3z..X)X4..X...#
###..X5X..)4X.##....
#...#.#X3X♣5.####..
#...tX.5..Z5.# ##
##..Gz.#2W.###
#..##X.5..# #.#.#h...#
{#,#.#### { 4., ###


You could see 5 neutral starcursed masses, a neutral tentacled starspawn
(summoned, wandering), a neutral eidolon (summoned, wandering), a neutral
blizzard demon (summoned, wandering), 2 neutral glowing orange brains, a neutral
orange demon (summoned, wandering), 2 neutral apocalypse crabs, a neutral
thrashing horror (summoned), 7 neutral large abominations, a neutral ice devil
(summoned, wandering), 3 neutral smoke demons, a neutral raiju (summoned,
wandering), a neutral blink frog (summoned, wandering), 3 neutral ynoxinuls, 3
neutral chaos spawn, a neutral black bear (summoned, wandering), 3 neutral small
abominations, a neutral iron imp (summoned, wandering), 2 neutral wights, 2
neutral white imps, 2 neutral shadow imps, a neutral spriggan defender
simulacrum (summoned, wandering), a neutral bunyip simulacrum (summoned,
wandering), 3 neutral ufetubi and a neutral ettin skeleton (summoned,
wandering).

Vanquished Creatures
  A boulder beetle (D:11)
  A two-headed ogre (D:11)
  A centaur warrior (D:9)
  An orc high priest (Orc:2)
  3 orc sorcerers (Orc:2)
  3 cyclopes
  A manticore (D:9)
  2 kobold demonologists (D:10)
  3 trolls
  A hornet (D:9)
  A shadow (D:11)
  20 yaks
  A vampire (D:10)
  4 wyverns (D:9)
  3 water moccasins
  Duvessa (D:6)
  3 acid dragons
  14 orc warriors
  A black bear (D:6)
  4 ogres
  An ice beast (D:7)
  3 boggarts (D:9)
  4 centaurs
  A phantom (D:4)
  12 kobold brigands
  5 bullfrogs
  3 scorpions
  5 wights (D:9)
  18 killer bees
  4 howler monkeys
  4 hounds
  14 orc priests
  3 jellies
  8 iguanas
  19 orc wizards
  2 gnolls
  8 adders
  2 shadow imps
  A white imp (D:6)
  An ufetubus (D:4)
  8 worms
  3 dart slugs
  55 orcs
  6 ball pythons
  6 endoplasms
  4 giant cockroaches
  9 goblins
  11 hobgoblins
  4 jackals (D:2)
  2 quokkas
  8 bats
  A frilled lizard (D:3)
  35 kobolds
  9 rats
348 creatures vanquished.

Vanquished Creatures (others)
  2 orc sorcerers (Orc:2)
  2 orc warriors (Orc:2)
  A howler monkey (D:9)
  4 orc wizards (Orc:2)
  2 starspawn tentacles (Orc:2)
11 creatures vanquished.

Grand Total: 359 creatures vanquished

Notes
Turn   | Place    | Note
-------+----------+-------------------------------------------
     0 | D:1      | MisterAzrael the Formicid Fighter began the quest for the
                  | Orb.
     0 | D:1      | Reached XP level 1. HP: 18/18 MP: 1/1
   159 | D:1      | Reached XP level 2. HP: 24/24 MP: 2/2
   344 | D:1      | Reached XP level 3. HP: 29/29 MP: 3/3
  1231 | D:2      | Found a faded altar of an unknown god.
  1245 | D:2      | Reached XP level 4. HP: 37/37 MP: 4/4
  1257 | D:2      | Prayed at the altar of an unknown god.
  1257 | D:2      | Became a worshipper of Lugonu the Unformed
  1257 | D:2      | Reached * piety under Lugonu
  1803 | D:2      | Reached XP level 5. HP: 42/42 MP: 5/5
  1966 | D:2      | Identified the +12 tower shield of the Shore {Will+ Dex+2
                  | Slay+3}
  2016 | D:2      | Reached skill level 5 in Shields
  2197 | D:2      | Reached ** piety under Lugonu
  2761 | D:3      | Reached skill level 1 in Invocations
  2761 | D:3      | Reached XP level 6. HP: 42/49 MP: 6/6
  3257 | D:3      | Found an iron altar of Okawaru.
  3470 | D:4      | Reached skill level 6 in Shields
  3476 | D:4      | Reached *** piety under Lugonu
  3495 | D:4      | Reached XP level 7. HP: 54/55 MP: 8/8
  3654 | D:4      | Found a snail-covered altar of Cheibriados.
  3753 | D:4      | Found an ancient bone altar of Kikubaaqudgha.
  4097 | D:5      | Entered Level 5 of the Dungeon
  4108 | D:5      | Reached skill level 5 in Fighting
  4139 | D:5      | Noticed a water moccasin
  4149 | D:5      | Killed a water moccasin
  4150 | D:5      | Reached skill level 5 in Armour
  4150 | D:5      | Reached skill level 7 in Shields
  4150 | D:5      | Reached XP level 8. HP: 24/62 MP: 9/11
  5509 | D:6      | Noticed Duvessa
  5509 | D:6      | Noticed Dowan
  5522 | D:6      | Killed Duvessa
  5523 | D:6      | Reached skill level 5 in Invocations
  5524 | D:6      | Banished Dowan
  5536 | D:6      | Reached skill level 8 in Shields
  5647 | D:6      | Reached XP level 9. HP: 49/69 MP: 10/13
  5963 | D:6      | Noticed Menkaure
  5966 | D:6      | Banished Menkaure
  5967 | D:6      | Reached skill level 5 in Long Blades
  6234 | D:6      | Reached skill level 9 in Shields
  6370 | D:6      | Noticed Blork the orc
  6374 | D:6      | Banished Blork the orc
  6658 | D:7      | Noticed Joseph
  6662 | D:7      | Banished Joseph
  6742 | D:7      | Noticed Pikel
  6760 | D:7      | Banished Pikel
  6761 | D:7      | Reached XP level 10. HP: 75/77 MP: 10/15
  6773 | D:7      | Reached skill level 10 in Shields
  6848 | D:7      | Got Wasin's Teachings on Ashen Skeletons
  6918 | D:7      | Noticed Maggie
  6919 | D:7      | Banished Maggie
  6955 | D:7      | Found a staircase to the Ecumenical Temple.
  8346 | D:8      | Reached skill level 11 in Shields
  8855 | D:9      | Noticed Maurice
  8862 | D:9      | Banished Maurice
  8955 | D:9      | Reached XP level 11. HP: 49/84 MP: 16/18
  9066 | D:9      | Found a flagged portal.
  9075 | Bailey   | Entered a bailey
  9284 | Bailey   | Reached skill level 1 in Throwing
  9369 | Bailey   | Found a burning altar of Makhleb.
  9530 | D:9      | Noticed a two-headed ogre
  9531 | D:9      | Banished a two-headed ogre
  9532 | D:9      | Reached skill level 12 in Shields
  9620 | D:9      | Noticed Gastronok
  9628 | D:9      | Banished Gastronok
  9895 | D:9      | Noticed a two-headed ogre
  9897 | D:9      | Banished a two-headed ogre
 10117 | D:9      | Found a staircase to the Lair.
 10157 | D:9      | Noticed a centaur warrior
 10167 | D:9      | Killed a centaur warrior
 10168 | D:9      | Reached skill level 13 in Shields
 10188 | D:9      | Reached XP level 12. HP: 83/94 MP: 19/19
 10424 | D:9      | Identified the +0 robe "Vytit" {Str+2 Dex+2}
 10993 | D:9      | Noticed a two-headed ogre
 10994 | D:9      | Reached skill level 5 in Throwing
 10995 | D:9      | Noticed a two-headed ogre
 11001 | D:9      | Banished a two-headed ogre
 11006 | D:9      | Banished a two-headed ogre
 11730 | D:10     | Entered Level 10 of the Dungeon
 11767 | D:10     | Noticed a soul eater
 12080 | D:10     | Gained mutation: You are frail. (-10% HP) [potion of
                  | mutation]
 12080 | D:10     | Gained mutation: You have sharp fingernails. [potion of
                  | mutation]
 12080 | D:10     | Gained mutation: Your flesh is cold resistant. (rC+)
                  | [potion of mutation]
 12080 | D:10     | Gained mutation: You are somewhat resistant to further
                  | mutation. [potion of mutation]
 12262 | D:11     | Noticed a boulder beetle
 12327 | Lair:1   | Entered Level 1 of the Lair of Beasts
 12759 | D:11     | Noticed Fannar
 12767 | D:10     | Reached skill level 14 in Shields
 12806 | D:11     | Banished Fannar
 12941 | D:11     | Killed a boulder beetle
 13402 | D:11     | Noticed a two-headed ogre
 13414 | D:11     | Killed a two-headed ogre
 13415 | D:11     | Reached XP level 13. HP: 91/91 MP: 20/20
 13544 | D:11     | Reached skill level 1 in Evocations
 13595 | D:11     | Found a staircase to the Orcish Mines.
 14026 | Orc:1    | Entered Level 1 of the Orcish Mines
 14112 | Orc:1    | Reached skill level 1 in Maces & Flails
 14632 | Orc:2    | Entered Level 2 of the Orcish Mines
 15480 | Orc:2    | Reached **** piety under Lugonu
 15514 | Orc:2    | Found a staircase to the Elven Halls.
 15588 | Orc:2    | Reached skill level 15 in Shields
 15592 | Orc:2    | Reached skill level 10 in Fighting
 15605 | Orc:2    | Corrupted Orc:2
 15605 | Orc:2    | Noticed a starcursed mass
 15605 | Orc:2    | Noticed a tentacled starspawn
 15605 | Orc:2    | Noticed a starcursed mass
 15605 | Orc:2    | Noticed an Executioner
 15605 | Orc:2    | Noticed a rakshasa
 15605 | Orc:2    | Noticed a blizzard demon
 15605 | Orc:2    | Noticed a tentacled starspawn
 15610 | Orc:2    | Noticed an eidolon
 15615 | Orc:2    | Slain by an ettin skeleton

Illustrated notes

Levels and vault maps discovered:
D:1:      dpeg_arrival_snail, layout_basic
D:2:      minmay_evil_eye, layout_basic, dreamdust_ecumenical_altar_grove
D:3:      cheibrodos_thug_alley, layout_loops_ring, okawaru_altar_gauntlet_db,
          kennysheep_another_room, hangedman_decor_opposing, st_stairs_6,
          nicolae_elevator_lobby_plus
D:4:      layout_rooms, nicolae_overflow_hidden_temple
D:5:      layout_layer_cave, hangedman_minor_gate_pass
D:6:      layout_cave_pools, uniq_menkaure, uniq_duvessa, uniq_blork_the_orc
D:7:      layout_basic, minmay_temple_entry_sparse_star, uniq_joseph,
          uniq_maggie, uniq_pikel
D:8:      layout_basic
D:9:      minmay_the_grid_four_pointed_star
          [minmay_the_grid_triangle_9x9_descending_squares,
          minmay_the_grid_triangle_9x9_skeleton,
          minmay_the_grid_triangle_9x9_alien,
          minmay_the_grid_triangle_9x9_impossible_snake,
          minmay_the_grid_prize_big_room], layout_basic, enter_bailey_1,
          nicolae_phantomly_mirrored, uniq_maurice, uniq_gastronok
D:10:     layout_rooms
D:11:     layout_long_grid, erik_orc_3, uniq_fannar
Lair:1:   layout_hall_layers, special_room [special_room_bee],
          dreamdust_wasp_nest, infiniplex_staircase_pool, lemuel_fruit_tree,
          lemuel_fruit_fields, serial_bayou_shore_b
Orc:1:    layout_caves, mines2_lemuel
Orc:2:    st_orc_mages, layout_diamond_mine, guppyfry_library_mini

Skill      XL: |  1  2  3  4  5  6  7  8  9 10 11 12 13 |
---------------+----------------------------------------+-----
Fighting       | 4 5 6 7 8 9 10 | 10.0
Armour         | 4 5 6 7 8 9 |  9.7
Long Blades    | 3 4 5 6 7 8 |  8.7
Shields        | 5 6 7 8 9 11 13 14 15 | 15.1
Invocations    | 1 2 4 5 7 9 |  9.4
Throwing       | 4 7 |  7.8
Evocations     | 2 |  2.5
Maces & Flails | 1 |  1.6

Action                     |  1- 3 |  4- 6 |  7- 9 | 10-12 | 13-15 || total
---------------------------+-------+-------+-------+-------+-------++-------
  Melee: Long sword        |    87 |   227 |   224 |   536 |       ||  1074
         Dire flail        |       |       |       |       |   122 ||   122
  Throw: Dart              |       |       |       |    24 |       ||    24
         Boomerang         |       |       |       |    69 |    48 ||   117
         Javelin           |       |       |       |    24 |    12 ||    36
 Invoke: Banish            |       |       |     8 |    21 |       ||    29
         Corrupt           |       |       |       |       |     1 ||     1
Ability: Dig               |       |       |     1 |       |       ||     1
  Evoke: Lightning rod     |       |       |       |     3 |     1 ||     4
         Wand              |       |       |       |     6 |       ||     6
    Use: Scroll            |       |       |    10 |    15 |     1 ||    26
         Potion            |       |       |     3 |    12 |     2 ||    17
   Stab: Invisible         |       |       |       |    12 |       ||    12
 Armour: Scale mail        |    33 |    32 |       |       |       ||    65
         Plate armour      |       |    26 |    87 |   197 |    40 ||   350
         Skin              |       |       |       |       |     3 ||     3
  Dodge: Dodged            |    39 |    51 |    25 |    98 |    25 ||   238
  Block: Buckler           |    27 |    18 |       |       |       ||    45
         Tower shield      |       |   210 |   407 |  1088 |   274 ||  1979

Table legend: (Time is in decaauts)
 A = Elapsed time spent in this place.
 B = Non-inter-level travel time spent in this place.
 C = Inter-level travel time spent in this place.
 D = Time resting spent in this place.
 E = Time spent auto-exploring this place.
 F = Levels seen in this place.
 G = Mean time per level.
                   A        B        C        D        E       F      G
               +--------+--------+--------+--------+--------+-----+--------+
         Total |  16109 |  15231 |    878 |   3818 |   7873 |  15 | 1073.9 |
       Dungeon |  14288 |  13447 |    841 |   3591 |   6995 |  11 | 1298.9 |
          Lair |     42 |     42 |      0 |      0 |     28 |   1 |   42.0 |
  Orcish Mines |   1357 |   1321 |     36 |    227 |    661 |   2 |  678.5 |
        Bailey |    422 |    422 |      0 |      0 |    188 |   1 |  422.0 |
               +--------+--------+--------+--------+--------+-----+--------+

Top non-repeatable levels by time:
     D:9: 2815 daAuts
     D:5: 1555 daAuts
     D:2: 1457 daAuts
     D:8: 1445 daAuts
    D:11: 1336 daAuts
     D:6: 1123 daAuts
     D:7: 1106 daAuts
     D:3: 1086 daAuts
   Orc:2: 1055 daAuts
     D:1: 1055 daAuts
     D:4: 700 daAuts
    D:10: 606 daAuts
  Bailey: 422 daAuts
   Orc:1: 301 daAuts
  Lair:1: 42 daAuts
